 Dungeon Crawl Stone Soup version 0.25-a0-1119-g28b6fd0c3b (webtiles) character file.

Game seed: 6952429471782275608, levelgen mode: deterministic

18 Esekla the Magician (level 2, -3/17 HPs)
             Began as an Octopode Wizard on May 17, 2020.
             Killed by nerve-wracking pain
             ... invoked by Grinder
              (7 damage)
             ... on level 3 of the Dungeon.
             The game lasted 00:08:21 (1400 turns).

Esekla the Magician (Octopode Wizard)               Turns: 1400, Time: 00:08:22

Health: -3/17      AC:  1    Str:  2    XL:     2   Next: 66%
Magic:  4/6        EV: 13    Int: 20    God:
Gold:   37         SH:  0    Dex: 10    Spells: 4/7 levels left

rFire    . . .     SeeInvis .   b - +1 short sword
rCold    . . .     Gourm    .   (no shield)
rNeg     . . .     Faith    .   a - +0 hat
rPois    .         Spirit   .   (no amulet)
rElec    .         Reflect  .   i - -4 ring of strength (curse)
rCorr    .         Harm     .   (no ring)
MR       .....                  (no ring)
Stlth    +++.......             (no ring)
HPRegen  0.05/turn              (no ring)
MPRegen  0.10/turn              (no ring)
                                (no ring)
                                (no ring)

@: flying
A: almost no armour, stealthy swim, amphibious, 8 rings, constrict 8, camouflage
1, gelatinous body 1
a: no special abilities


You were on level 3 of the Dungeon.
You were very hungry.

You visited 1 branch of the dungeon, and saw 3 of its levels.

You collected 37 gold pieces.

Inventory:

Hand Weapons
 b - a +1 short sword (weapon)
Armour
 a - a +0 hat (worn)
Jewellery
 i - a cursed -4 ring of strength (left tentacle)
Wands
 d - a wand of digging (5)
 j - a wand of paralysis (9)
Scrolls
 h - a scroll of identify
 k - 2 scrolls of fog
Potions
 e - a potion of flight
 f - a potion of magic {unknown}
 g - a potion of cancellation {unknown}
Comestibles
 c - a ration


   Skills:
 + Level 0.1 Fighting
 * Level 2.7 Dodging
 - Level 2.6 Stealth
 * Level 3.2 Spellcasting
 * Level 1.1 Conjurations
   Level 1.0 Summonings
 * Level 1.0 Translocations


You had 4 spell levels left.
You knew the following spells:

 Your Spells              Type           Power        Failure   Level  Hunger
a - Magic Dart            Conj           #...         9%          1    None
b - Blink                 Tloc           N/A          14%         2    ##.....

Your spell library contained the following spells:

 Spells                   Type           Power        Failure   Level  Hunger
 Call Imp                 Summ           #.......     14%         2    ##.....
 Slow                     Hex            #.......     22%         2    ##.....
 Conjure Flame            Conj/Fire      #.......     32%         3    ###....
 Mephitic Cloud           Conj/Pois/Air  #.......     34%         3    ###....


Dungeon Overview and Level Annotations

Branches:
Dungeon (3/15)

Altars:

Annotations:
D:3 Grinder


Innate Abilities, Weirdness & Mutations

You cannot wear most types of armour.
You are very stealthy in the water. (Stealth+)
You are amphibious.
You can wear up to eight rings at the same time.
You can use your tentacles to constrict eight enemies at once.
Your skin changes colour to match your surroundings (Stealth+).
Your rubbery body absorbs attacks. (AC +1, EV +1)


Message History

Press: ? - help, Shift-Dir - straight line, f - Grinder
Aim: Grinder The magic dart hits Grinder.
Grinder is lightly wounded.
Grinder gestures at you. Pain shoots through your body!
Ouch! That really hurt!
* * * LOW HITPOINT WARNING * * *
Casting: Magic Dart (safe; 9% risk of failure)
Confirm with . or Enter, or press ? or * to list all spells.
Aiming: Magic Dart (safe; 9% risk of failure)
Press: ? - help, Shift-Dir - straight line, f/p - Grinder
Aim: Grinder The magic dart hits Grinder but does no damage.
It was a potion of flight.
You feel very buoyant.
You fly up into the air.
Grinder gestures at you. Pain shoots through your body!
You die...

#.# #.#######.###.###. #.#
#.................
####.##############.##.###.
#.................#.##.# #.
#.########...........†.# #.
#.# #.############# ## #.#
#5# * #.# #(# #.# #@# #.#
#.# #.# #.# ***********
#.###** *### *,,,,,,,,,*
#.#.#8***_************,*
#§8.#.#.#.*,,* *,*
#.........,,_* *,****
#......5b.,,,* *,,,,,
##8.#.#.#.*,,* ******


You could see Grinder.

Vanquished Creatures
  A worm (D:3)
  A leopard gecko (D:2)
  A giant cockroach (D:2)
  A hobgoblin (D:1)
  A quokka (D:2)
  3 bats
  A frilled lizard (D:3)
  2 kobolds
  5 rats
16 creatures vanquished.

Notes
Turn   | Place    | Note
-------+----------+-------------------------------------------
     0 | D:1      | Esekla the Octopode Wizard began the quest for the Orb.
     0 | D:1      | Reached XP level 1. HP: 11/11 MP: 4/4
   394 | D:2      | Reached XP level 2. HP: 16/17 MP: 3/6
   497 | D:2      | Learned a level 2 spell: Blink
  1333 | D:3      | Noticed Grinder
  1400 | D:3      | Killed from afar by Grinder

Illustrated notes

Levels and vault maps discovered:
D:1:      dpeg_arrival_ratfight, layout_basic, minmay_misc_feat_nine_boxes,
          minivault_25, minmay_tromino_v4_a
D:2:      layout_rooms, first_ration, minivault_4, uniq_jessica
D:3:      layout_loops_ring, lemuel_crystal_altar, minitemple, uniq_grinder

Action                   || total
-------------------------++-------
Melee: Short sword       ||    29
       Constrict         ||     5
       Tentacles         ||     3
 Cast: Magic Dart        ||    35
  Use: Scroll            ||     7
       Potion            ||     1
 Stab: Sleeping          ||     2
Armor: Skin              ||     6
Dodge: Dodged            ||    20

Table legend:
 A = Non-vault XP
 B = Vault XP
 C = Vault XP percentage of total XP
 D = Non-vault monster count
 E = Vault monster count
 F = Vault count percentage of total count
                 A         B        C        D         E       F
            +---------+---------+-------+---------+---------+-------
      Total |      23 |       3 |  11.5 |      13 |       3 |  18.8
            +---------+---------+-------+---------+---------+-------
        D:1 |       5 |       3 |  37.5 |       4 |       3 |  42.9
        D:2 |       9 |       0 |   0.0 |       5 |       0 |   0.0
        D:3 |       9 |       0 |   0.0 |       4 |       0 |   0.0
            +---------+---------+-------+---------+---------+-------
